 Dungeon Crawl Stone Soup version 0.28.0-45-g0d030f2227 (webtiles) character file.

Game seed: 7079912686876602577

1126 H0rd4k the Thaumaturge (level 8, -9/41 HPs)
             Began as a Deep Elf Hedge Wizard on Mar 31, 2022.
             Was an Initiate of Gozag.
             Mangled by Duvessa
             ... wielding a +0 rapier
              (13 damage)
             ... on level 5 of the Dungeon.
             The game lasted 00:09:06 (7184 turns).

H0rd4k the Thaumaturge (Deep Elf Hedge Wizard)      Turns: 7184, Time: 00:09:07

Health: -9/41      AC:  2    Str:  7    XL:     8   Next: 13%
Magic:  13/22      EV: 13    Int: 22    God:    Gozag
Gold:   438        SH:  0    Dex: 14    Spells: 15/24 levels left

rFire   . . .      SeeInvis .   a - +0 dagger
rCold   + . .      Faith    .   (no shield)
rNeg    . . .      Spirit   .   d - +0 robe {rC+}
rPois   .          Reflect  .   c - +0 hat
rElec   .          Harm     .   (no cloak)
rCorr   .          Rampage  .   (no gloves)
Will    .....                   (no boots)
Stlth   ++........              (no amulet)
HPRegen 0.13/turn               (no ring)
MPRegen 0.18/turn               (no ring)

@: attractive, studying Stealth
A: no striking features
a: Renounce Religion, Potion Petition, Call Merchant, Bribe Branch


You were on level 5 of the Dungeon.
You worshipped Gozag.
Gozag was aware of your devotion.
You visited 1 branch of the dungeon, and saw 5 of its levels.

You collected 473 gold pieces.
You paid 35 gold pieces to Gozag.

Inventory:

Hand Weapons
 a - a +0 dagger (weapon)
Armour
 c - a +0 hat (worn)
 d - a +0 robe of cold resistance (worn)
Wands
 s - a wand of flame (20)
Scrolls
 b - 9 scrolls of identify {unknown}
 e - a scroll of noise {unknown}
 f - a scroll of torment {unknown}
 g - a scroll of teleportation {unknown}
 h - 2 scrolls of fog {unknown}
 l - 2 scrolls of enchant armour {unknown}
 o - 4 scrolls of enchant weapon {unknown}
 p - a scroll of magic mapping {unknown}
 q - a scroll of fear {unknown}
Potions
 i - a potion of lignification {unknown}
 j - a potion of curing {unknown}
 k - a potion of resistance {unknown}
 m - 3 potions of attraction
 n - a potion of berserk rage {unknown}
 r - a potion of haste {unknown}
 t - a potion of cancellation {unknown}


   Skills:
 + Level 0.2 Fighting
 + Level 3.1 Dodging
 - Level 2.4 Stealth
 + Level 8.9 Spellcasting
 + Level 5.7 Conjurations
 + Level 1.1 Summonings
 + Level 1.4 Translocations
 + Level 2.4 Fire Magic
 + Level 1.6 Air Magic
 + Level 3.9 Poison Magic


You had 15 spell levels left.
You knew the following spells:

 Your Spells              Type           Power      Damage    Failure   Level
a - Magic Dart            Conj           100%       1d8       1%          1
b - Blink                 Tloc           32%        N/A       6%          2
c - Conjure Flame         Conj/Fire      27%        6-21      3%          3
d - Mephitic Cloud        Conj/Pois/Air  26%        N/A       4%          3

Your spell library contained the following spells:

 Spells                   Type           Power      Damage    Failure   Level
 Apportation              Tloc           32%        N/A       3%          1
 Summon Small Mammal      Summ           56%        N/A       4%          1
 Call Imp                 Summ           14%        N/A       6%          2
 Animate Skeleton         Necr           18%        N/A       7%          1
 Slow                     Hex            36%        N/A       7%          1
 Manifold Assault         Tloc           16%        N/A       71%         5
 Storm Form               Tmut/Air       6%         N/A       100%        7


Dungeon Overview and Level Annotations

Branches:
Dungeon (5/15)             Temple (0/1) D:5

Altars:
Gozag
Xom

Annotations:
D:3 exclusion: 2 downstairs
D:5 exclusion: upstairs, Duvessa


Message History

You blink.
Casting: Blink (safe; 6% risk of failure)
Confirm with . or Enter, or press ? or * to list all spells.
You are still too unstable to blink.
You feel stable enough to blink again. Duvessa hits you with a +0 rapier!
Casting: Blink (safe; 6% risk of failure)
Confirm with . or Enter, or press ? or * to list all spells.
You blink.
Duvessa rages.
Casting: Blink (safe; 6% risk of failure)
Confirm with . or Enter, or press ? or * to list all spells.
The fire begins to smoulder!
You feel stable enough to blink again.
Duvessa rages.
The fire ignites!
Casting: Conjure Flame (dangerous; 3% risk of failure)
Confirm with . or Enter, or press ? or * to list all spells.
Aiming: Mephitic Cloud (dangerous; 4% risk of failure)
Press: ? - help, Shift-Dir - straight line, f - Duvessa
Aim: Duvessa, wielding a +0 rapier and wearing a +0 leather armour (berserk, chance to affect: 81%)
The ball explodes into a vile cloud!
The stinking cloud engulfs Duvessa but does no damage.
Duvessa is engulfed in noxious fumes.
Duvessa appears confused.
Duvessa is engulfed in blazing flames.
The magic dart hits Duvessa!
Duvessa is moderately wounded.
Duvessa is engulfed in blazing flames.
Duvessa hits you with a +0 rapier!
You are too injured to fight recklessly!
Unknown command.
Okay, then.
Unknown command.
Unknown command.
It was a potion of attraction.
You feel attractive to monsters.
Duvessa is engulfed in blazing flames.
Duvessa hits you with a +0 rapier!
* * * LOW HITPOINT WARNING * * *
Duvessa is engulfed in blazing flames.
Duvessa hits you with a +0 rapier!
You die...
Your body crumbles into a pile of gold.

.......#.....#.......#.#.......##
.......'>..............#.........
.......#.###.#..........##.......
.......#............)..###.......
.................................
..........#...○○.................
...##.#...#....○........##.....##
...............#e#......###......
...............#@#.#.....##......
...####.###....#)#.##....##......
.... #.# #....#.#.##....##+##+##
.....##'###........##....#.......
...e.#.......##..####....#.......
.....#.......##'#####.)..#.......
....##...)................#'##..#
....'................####.#.##.#.
....#...#............# #........


You could see Duvessa (berserk, confused).

Vanquished Creatures
  Eustachio (D:4)
  A water moccasin (D:5)
  An ogre (D:4)
  An orc warrior (D:4)
  A sky beast (D:5)
  A phantom (D:4)
  A kobold brigand (D:4)
  Dowan (D:5)
  A jelly (D:5)
  4 hounds
  An orc priest (D:4)
  2 orc wizards
  An iguana (D:4)
  A hound zombie (D:5)
  5 adders
  A shadow imp (D:5)
  An ufetubus (D:5)
  An adder skeleton (D:4)
  3 worms
  12 orcs
  5 endoplasms (D:1)
  3 giant cockroaches
  6 goblins
  8 hobgoblins
  8 jackals
  6 kobolds
  5 quokkas
  5 ball pythons
  7 bats
  A frilled lizard (D:2)
  7 rats
102 creatures vanquished.

Notes
Turn   | Place    | Note
-------+----------+-------------------------------------------
     0 | D:1      | H0rd4k the Deep Elf Hedge Wizard began the quest for the
                  | Orb.
     0 | D:1      | Reached XP level 1. HP: 10/10 MP: 7/7
   160 | D:1      | Reached skill level 5 in Spellcasting
   353 | D:1      | Reached XP level 2. HP: 15/15 MP: 7/10
  1098 | D:1      | Found a faded altar of an unknown god.
  1211 | D:1      | Reached XP level 3. HP: 19/19 MP: 8/12
  1214 | D:1      | Learned a level 2 spell: Blink
  1218 | D:1      | Learned a level 3 spell: Conjure Flame
  1222 | D:1      | Learned a level 3 spell: Mephitic Cloud
  2192 | D:2      | Reached skill level 1 in Air Magic
  2386 | D:2      | Reached XP level 4. HP: 15/24 MP: 8/13
  3009 | D:3      | Found an opulent altar of Gozag.
  3076 | D:3      | Became a worshipper of Gozag Ym Sagoz the Greedy
  3253 | D:3      | Reached skill level 6 in Spellcasting
  3547 | D:3      | Reached skill level 1 in Fire Magic
  4083 | D:4      | Reached XP level 5. HP: 22/28 MP: 5/15
  4222 | D:4      | Reached skill level 1 in Poison Magic
  4283 | D:4      | Noticed an orc warrior
  4700 | D:4      | Noticed an ogre
  4858 | D:4      | Noticed a phantom
  4864 | D:4      | Killed an ogre
  4865 | D:4      | Reached XP level 6. HP: 32/32 MP: 7/17
  5085 | D:4      | Noticed Eustachio
  5104 | D:5      | Entered Level 5 of the Dungeon
  5321 | D:5      | Reached skill level 7 in Spellcasting
  5482 | D:4      | Reached XP level 7. HP: 36/36 MP: 11/19
  5914 | D:5      | Found a staircase to the Ecumenical Temple.
  6484 | D:4      | Killed Eustachio
  6485 | D:4      | Reached skill level 8 in Spellcasting
  6485 | D:4      | Reached skill level 5 in Conjurations
  6844 | D:5      | Found a shimmering altar of Xom.
  6997 | D:5      | Noticed Duvessa
  6997 | D:5      | Noticed Dowan
  7033 | D:5      | Reached XP level 8. HP: 40/41 MP: 14/22
  7074 | D:5      | Killed Dowan
  7184 | D:5      | Mangled by Duvessa

Illustrated notes

Levels and vault maps discovered:
D:1:      amcnicky_arrival_choice, layout_basic,
          dreamdust_ecumenical_altar_angels_and_demons
D:2:      layout_loops_cross, item_on_display_a
D:3:      layout_loops_ring, lemuel_coloured_pillars_altar
D:4:      layout_rooms, uniq_eustachio
D:5:      layout_basic, lemuel_tele_altar, temple_fountains, minmay_manual_moon,
          uniq_duvessa

Skill      XL: |  1  2  3  4  5  6  7 |
---------------+----------------------+-----
Spellcasting   | 5 6 7 8 |  8.9
Conjurations   | 2 3 4 5 |  5.7
Air Magic      | 1 |  1.6
Fire Magic     | 1 2 |  2.4
Poison Magic   | 3 |  3.9
Dodging        | 3 |  3.1
Fighting       | |  0.2
Stealth        | |  2.4
Summonings     | |  1.1
Translocations | |  1.4

Action                   |  1- 3 |  4- 6 |  7- 9 || total
-------------------------+-------+-------+-------++-------
Melee: Dagger            |     7 |     1 |     1 ||     9
 Cast: Magic Dart        |   116 |   143 |    76 ||   335
       Mephitic Cloud    |       |     3 |    11 ||    14
       Conjure Flame     |       |     5 |    11 ||    16
       Blink             |       |     3 |     4 ||     7
  Use: Potion            |       |       |     1 ||     1
Armor: Robe              |    13 |     7 |     6 ||    26
Dodge: Dodged            |    35 |    27 |    12 ||    74
